[Event "Is Bankasi Online Satranc Turn 17-18 YAS"]
[Site "T#646243Mustafa Kemal"]
[Date "2020.05.22"]
[Round "5"]
[White "keremerdal34"]
[Black "ahmetburakgurs66"]
[Result "0-1"]
[WhiteElo "1727"]
[BlackElo "1655"]
[Annotator "NA RC"]
[PlyCount "56"]
[EventDate "2020.05.22"]
[EventType "swiss (blitz)"]
[TimeControl "180+2"]

1. e4 e5 2. Nf3 Nf6 3. Nc3 Nc6 4. Bb5 Nd4 5. Nxd4 exd4 6. e5 dxc3 7. exf6 cxd2+ 8. Bxd2 Qxf6 9. O-O Be7 10. Bc3 Qg5 11. Bd3 O-O 12. f4 Qc5+ 13. Kh1 g6 14. f5 d5 15. f6 Bd6 16. Qd2 Re8 17. b4 Qb6 18. a4 c6 19. Qh6 Bf8 20. Qh4 Bd7 21. Bd2 h5 22. Bxg6 fxg6 23. f7+ Kh7 24. fxe8=Q Rxe8 25. Qg5 Bg7 26. Rf7 Qd4 27. Qh6+ Kg8 28. Qxg6 Qxa1+ {[%emt 0:00:02] keremerdal34 resigns (Lag: Av=0.49s, max=1.0s)} 0-1

[Event "Is Bankasi Online Satranc Turn 17-18 YAS"]
[Site "T#646243Mustafa Kemal"]
[Date "2020.05.22"]
[Round "5"]
[White "Burakcanaksoz58"]
[Black "Kemalalpcakir74"]
[Result "1-0"]
[WhiteElo "1648"]
[BlackElo "1660"]
[Annotator "NA RC"]
[PlyCount "101"]
[EventDate "2020.05.22"]
[EventType "swiss (blitz)"]
[TimeControl "180+2"]

1. d4 g6 2. c4 Bg7 3. Nc3 d6 4. e4 Nf6 5. f3 O-O 6. Be3 Nbd7 7. Qd2 c5 8. Nge2 b6 9. O-O-O Ba6 10. Ng3 Rb8 11. h4 h5 12. Be2 Nh7 13. Bh6 Qc7 14. Bxg7 Kxg7 15. Nf1 Nhf6 16. g4 cxd4 17. Qxd4 Qc5 18. Qxc5 Nxc5 19. Ng3 hxg4 20. fxg4 Rh8 21. h5 Bb7 22. Bf3 gxh5 23. gxh5 Kg8 24. Rdg1 Kf8 25. Rh4 Nd3+ 26. Kc2 Ne5 27. Bh1 Rg8 28. h6 Rh8 29. Nf5 Ke8 30. Bg2 Kd7 31. Bh3 Kc7 32. Rg7 Rbf8 33. Nxe7 Kd8 34. Ned5 Nxd5 35. exd5 Bc8 36. Ne4 Bxh3 37. Rxh3 Ke7 38. h7 Ke8 39. Nxd6+ Ke7 40. Nf5+ Ke8 41. Nd6+ Ke7 42. Nf5+ Ke8 43. Re3 f6 44. Re7+ Kd8 45. Rg3 a5 46. Reg7 Ke8 47. Nd6+ Kd8 48. Rg8 Kd7 49. Nf5 a4 50. Rxf8 Rxf8 51. Rg8 {[%emt 0:00:00] Zaman (Lag: Av=0.87s, max=2.0s)} 1-0

[Event "Is Bankasi Online Satranc Turn 17-18 YAS"]
[Site "T#646243Mustafa Kemal"]
[Date "2020.05.22"]
[Round "5"]
[White "Huseyinazizcak12"]
[Black "Emrecankaratas76"]
[Result "0-1"]
[WhiteElo "1644"]
[BlackElo "1636"]
[Annotator "NA RC"]
[PlyCount "68"]
[EventDate "2020.05.22"]
[EventType "swiss (blitz)"]
[TimeControl "180+2"]

1. e4 e5 2. Nf3 Nc6 3. d4 exd4 4. Nxd4 Be7 5. Nxc6 dxc6 6. Qxd8+ Bxd8 7. Bc4 Nf6 8. Nc3 O-O 9. f3 Re8 10. Bd2 Be6 11. Bxe6 Rxe6 12. O-O-O Be7 13. Bg5 h6 14. Bf4 Rc8 15. Be3 b6 16. h4 Bb4 17. Na4 Nh5 18. a3 Bd6 19. Nc3 Ng3 20. Rh3 Nh5 21. g4 Nf4 22. Bxf4 Bxf4+ 23. Kb1 Rce8 24. Re1 Bd2 25. Re2 Bxc3 26. bxc3 g6 27. h5 g5 28. Rf2 Rf6 29. Rg3 Rxe4 30. fxe4 Rxf2 31. Rd3 Rf1+ 32. Kb2 Rf4 33. Rd7 Rxe4 34. Rxc7 Rxg4 {[%emt 0:00:01] Zaman (Lag: Av=0.56s, max=2.0s)} 0-1

[Event "Is Bankasi Online Satranc Turn 17-18 YAS"]
[Site "T#646243Mustafa Kemal"]
[Date "2020.05.22"]
[Round "5"]
[White "Kutayozkurt40"]
[Black "Merttosun42"]
[Result "1-0"]
[WhiteElo "1636"]
[BlackElo "1666"]
[Annotator "NA RC"]
[PlyCount "57"]
[EventDate "2020.05.22"]
[EventType "swiss (blitz)"]
[TimeControl "180+2"]

1. e4 e5 2. Nf3 Nc6 3. d4 exd4 4. Bc4 Bc5 5. c3 dxc3 6. O-O Nge7 7. Ng5 O-O 8. Qh5 h6 9. Nxf7 Rxf7 10. Bxf7+ Kf8 11. Nxc3 d5 12. exd5 Nd4 13. Bg6 Nxg6 14. Qxg6 Bf5 15. Qg3 Bb4 16. Qf4 Bxc3 17. Kh1 Bxb2 18. Bxb2 Qf6 19. Bxd4 Qg6 20. g4 Qxg4 21. Qxg4 Bxg4 22. f4 Re8 23. Rae1 Rd8 24. Re5 c6 25. Bc5+ Kg8 26. d6 Bd7 27. Rfe1 Kh7 28. Re7 b6 29. Bd4 {[%emt 0:00:01] Merttosun42 terk eder (Lag: Av=0.56s, max=0.8s)} 1-0

[Event "Is Bankasi Online Satranc Turn 17-18 YAS"]
[Site "T#646243Mustafa Kemal"]
[Date "2020.05.22"]
[Round "5"]
[White "Ahmetay38"]
[Black "Mustafaberkayb82"]
[Result "0-1"]
[WhiteElo "1620"]
[BlackElo "1502"]
[Annotator "NA RC"]
[PlyCount "106"]
[EventDate "2020.05.22"]
[EventType "swiss (blitz)"]
[TimeControl "180+2"]

1. d4 d5 2. c4 Nf6 3. Nc3 e6 4. Nf3 Bb4 5. Bd2 a6 6. e3 Bd7 7. a3 Bxc3 8. Bxc3 b5 9. cxb5 axb5 10. Bb4 Na6 11. Ba5 O-O 12. Ne5 Nc5 13. Bb4 Qe7 14. Qc2 Nfe4 15. Bd3 f6 16. Nxd7 Qxd7 17. Bxe4 dxe4 18. Bxc5 Rfd8 19. Qxe4 e5 20. O-O Ra4 21. Rad1 Qf7 22. Rd3 Qc4 23. b3 f5 24. bxc4 fxe4 25. Rb3 bxc4 26. Rc3 exd4 27. exd4 Rda8 28. Re1 Rd8 29. Rxe4 Ra6 30. f3 Rg6 31. g3 c6 32. a4 Rf6 33. f4 Ra8 34. Rxc4 Ra5 35. Bb6 Ra6 36. a5 Rf8 37. Rb4 Rfa8 38. Bc7 R8a7 39. Bb8 Rd7 40. Be5 Rxa5 41. Rb6 Ra1+ 42. Kf2 Ra2+ 43. Ke3 Ra3+ 44. Kd2 Rd5 45. Re3 Ra2+ 46. Kc3 Ra3+ 47. Kb4 Rxe3 48. Rb8+ Kf7 49. Rb7+ Ke6 50. Rxg7 Re2 51. Ka4 Rd8 52. h4 Rb8 53. Rxh7 Ra2# {[%emt 0:00:01] (Lag: Av=0.52s, max=1.8s)} 0-1

[Event "Is Bankasi Online Satranc Turn 17-18 YAS"]
[Site "T#646243Mustafa Kemal"]
[Date "2020.05.22"]
[Round "5"]
[White "Orhanerenkarab68"]
[Black "emreerdal60"]
[Result "1-0"]
[WhiteElo "1583"]
[BlackElo "1639"]
[Annotator "NA RC"]
[PlyCount "97"]
[EventDate "2020.05.22"]
[EventType "swiss (blitz)"]
[TimeControl "180+2"]

1. e4 c6 2. Nf3 d5 3. exd5 cxd5 4. d4 Nf6 5. c4 Nc6 6. Nc3 Bg4 7. cxd5 Nxd5 8. Nxd5 Qxd5 9. Be3 Bxf3 10. Qxf3 Qxf3 11. gxf3 e6 12. Bb5 Bb4+ 13. Ke2 O-O 14. a3 Ba5 15. b4 Bb6 16. Rhd1 Rfd8 17. Bxc6 bxc6 18. Rac1 Rac8 19. a4 a5 20. bxa5 Bxa5 21. Rc2 Bb6 22. Kd3 c5 23. Ke4 c4 24. d5 exd5+ 25. Rxd5 Re8+ 26. Re5 Rxe5+ 27. Kxe5 Bc7+ 28. Ke4 Bxh2 29. a5 h5 30. a6 Ra8 31. a7 h4 32. Rxc4 Kh7 33. Rc1 Bc7 34. Rxc7 Kg6 35. Rc6+ f6 36. Kf4 h3 37. Kg3 Rh8 38. Rc1 Kf7 39. Rh1 g5 40. Rxh3 Ra8 41. f4 gxf4+ 42. Kxf4 Ke6 43. Rh5 Rg8 44. Rb5 f5 45. Rb8 Rg4+ 46. Kf3 f4 47. Kxg4 fxe3 48. fxe3 Ke5 {[%emt 0:00:02] emreerdal60 resigns} 49. a8=Q {[%emt 0:00:01] (Lag: Av=0.98s, max=1.4s)} 1-0

[Event "Is Bankasi Online Satranc Turn 17-18 YAS"]
[Site "T#646243Mustafa Kemal"]
[Date "2020.05.22"]
[Round "5"]
[White "Ibrahimisik76"]
[Black "Bugrahansahin14"]
[Result "1-0"]
[WhiteElo "1520"]
[BlackElo "1583"]
[Annotator "NA RC"]
[PlyCount "53"]
[EventDate "2020.05.22"]
[EventType "swiss (blitz)"]
[TimeControl "180+2"]

1. e4 e5 2. Nf3 Nc6 3. Be2 Bc5 4. d3 h6 5. Nc3 Nf6 6. Be3 b6 7. Qd2 d6 8. h3 Nb4 9. a3 Nc6 10. g4 Be6 11. g5 Bxe3 12. fxe3 Nh5 13. gxh6 Rxh6 14. O-O-O Nf6 15. d4 exd4 16. exd4 Rxh3 17. d5 Rxh1 18. Rxh1 Bxd5 19. exd5 Ne7 20. Bb5+ Kf8 21. Ng5 a6 22. Bc6 Rb8 23. Qf4 Nxc6 24. dxc6 Qe7 25. Nd5 Qe2 26. Rh8+ Ng8 27. Qxf7# {[%emt 0:00:02] (Lag: Av=0.67s, max=0.8s)} 1-0

[Event "Is Bankasi Online Satranc Turn 17-18 YAS"]
[Site "T#646243Mustafa Kemal"]
[Date "2020.05.22"]
[Round "5"]
[White "batuhantasagil42"]
[Black "Ahmetozer26"]
[Result "1-0"]
[WhiteElo "1469"]
[BlackElo "1427"]
[Annotator "NA RC"]
[PlyCount "49"]
[EventDate "2020.05.22"]
[EventType "swiss (blitz)"]
[TimeControl "180+2"]

1. d4 d5 2. c4 Nf6 3. Nc3 Bf5 4. Bg5 e6 5. cxd5 exd5 6. Qa4+ Nc6 7. Bxf6 gxf6 8. f3 Be7 9. e4 dxe4 10. fxe4 Bd7 11. O-O-O f5 12. d5 Ne5 13. Qd4 Ng6 14. Bd3 fxe4 15. Bxe4 Rg8 16. Nf3 Bd6 17. Bxg6 hxg6 18. Rhe1+ Kf8 19. h4 Be7 20. g3 c6 21. Qf4 cxd5 22. Nxd5 g5 23. hxg5 Rxg5 24. Ne5 Rg8 25. Qxf7# {[%emt 0:00:06] (Lag: Av=0.96s, max=1.6s)} 1-0

[Event "Is Bankasi Online Satranc Turn 17-18 YAS"]
[Site "T#646243Mustafa Kemal"]
[Date "2020.05.22"]
[Round "5"]
[White "Mahmutemrekord40"]
[Black "Mehmetkozak72"]
[Result "0-1"]
[WhiteElo "1352"]
[BlackElo "1352"]
[Annotator "NA RC"]
[PlyCount "94"]
[EventDate "2020.05.22"]
[EventType "swiss (blitz)"]
[TimeControl "180+2"]

1. e4 c5 2. Nc3 d6 3. Nf3 Nc6 4. a3 e5 5. b4 b5 6. bxc5 dxc5 7. Nxb5 Rb8 8. Nxa7 Nxa7 9. g3 Nf6 10. Nh4 Bg4 11. f3 Be6 12. Nf5 Bxf5 13. exf5 Bd6 14. Qe2 Qd7 15. f4 Qxf5 16. Bb2 Rxb2 17. g4 Qxg4 18. Qxg4 Nxg4 19. Be2 h5 20. O-O exf4 21. Bxg4 hxg4 22. Kh1 Rxc2 23. Rad1 Nc6 24. Rfe1+ Kd7 25. Rf1 g5 26. Rg1 f5 27. h3 Rxh3+ 28. Kg2 f3+ 29. Kf2 Be5 30. Rdf1 Bd4+ 31. Ke1 Bxg1 32. Rxg1 Rh2 33. Kd1 Rcxd2+ 34. Kc1 f2 35. Rf1 Re2 36. Kd1 Re1+ 37. Rxe1 fxe1=Q+ 38. Kxe1 g3 39. Kf1 Ra2 40. Kg1 f4 41. a4 f3 42. Kf1 g2+ 43. Kg1 Ra1+ 44. Kf2 g1=Q+ 45. Kxf3 Ra3+ 46. Ke2 Qg2+ 47. Kd1 Ra1# {[%emt 0:00:00] (Lag: Av=0.41s, max=0.8s)} 0-1

[Event "Is Bankasi Online Satranc Turn 17-18 YAS"]
[Site "T#646243Mustafa Kemal"]
[Date "2020.05.22"]
[Round "6"]
[White "Hakansimsek70"]
[Black "Emrecankaratas76"]
[Result "1-0"]
[WhiteElo "1727"]
[BlackElo "1713"]
[Annotator "NA RC"]
[PlyCount "53"]
[EventDate "2020.05.22"]
[EventType "swiss (blitz)"]
[TimeControl "180+2"]

1. e4 e5 2. Nf3 Nc6 3. Bb5 Nf6 4. d3 d6 5. h3 Be7 6. O-O a6 7. Ba4 b5 8. Bb3 Na5 9. c3 Nxb3 10. Qxb3 O-O 11. Re1 Bb7 12. a4 Qd7 13. axb5 axb5 14. Rxa8 Rxa8 15. Ng5 Bd8 16. f4 h6 17. Nf3 exf4 18. Bxf4 c5 19. Nbd2 Nh5 20. Bh2 d5 21. exd5 Bxd5 22. c4 bxc4 23. dxc4 Bc6 24. Rd1 Bxf3 25. Nxf3 Qe6 26. Re1 Qf5 27. g4 {[%emt 0:00:11] Zaman (Lag: Av=0.50s, max=0.9s)} 1-0

[Event "Is Bankasi Online Satranc Turn 17-18 YAS"]
[Site "T#646243Mustafa Kemal"]
[Date "2020.05.22"]
[Round "6"]
[White "Mustafaberkayb82"]
[Black "Ozgurkazak62"]
[Result "1-0"]
[WhiteElo "1597"]
[BlackElo "1574"]
[Annotator "NA RC"]
[PlyCount "21"]
[EventDate "2020.05.22"]
[EventType "swiss (blitz)"]
[TimeControl "180+2"]

1. e4 e5 2. Nf3 Nc6 3. Nc3 Nf6 4. d4 exd4 5. Nxd4 Nxd4 6. Qxd4 d6 7. Bg5 Be7 8. O-O-O h6 9. Bh4 c5 10. Qa4+ Qd7 11. Bb5 {[%emt 0:00:10] Ozgurkazak62 resigns (Lag: Av=0.57s, max=0.7s)} 1-0

[Event "Is Bankasi Online Satranc Turn 17-18 YAS"]
[Site "T#646243Mustafa Kemal"]
[Date "2020.05.22"]
[Round "7"]
[White "Ataberkturkmen48"]
[Black "tunaonatnalban08"]
[Result "0-1"]
[WhiteElo "1903"]
[BlackElo "2038"]
[Annotator "NA RC"]
[PlyCount "128"]
[EventDate "2020.05.22"]
[EventType "swiss (blitz)"]
[TimeControl "180+2"]

1. e4 Nc6 2. d4 e5 3. dxe5 Nxe5 4. f4 Ng6 5. Nf3 Bc5 6. Nc3 d6 7. Bc4 Nf6 8. Qe2 O-O 9. Be3 Bxe3 10. Qxe3 Qe7 11. O-O-O c6 12. h4 h5 13. Rhe1 b5 14. Bb3 a5 15. Ng5 a4 16. Bxf7+ Rxf7 17. Nxf7 Qxf7 18. Rxd6 b4 19. f5 bxc3 20. fxg6 cxb2+ 21. Kb1 Qe8 22. e5 Ng4 23. Qg5 Be6 24. Qxh5 Nh6 25. Red1 Bg4 26. Qg5 Bxd1 27. Rxd1 Qf8 28. e6 Re8 29. Re1 Qe7 30. Qxe7 Rxe7 31. Kxb2 Rb7+ 32. Ka3 Kf8 33. Kxa4 Ke7 34. Re4 Nf5 35. h5 Ng3 36. Re5 Rb8 37. c4 Kd6 38. Rg5 Ne4 39. Rg4 Nc5+ 40. Ka3 Nxe6 41. h6 gxh6 42. Rh4 Rh8 43. Kb4 c5+ 44. Kc3 Ke5 45. a4 Kf6 46. a5 Kxg6 47. Re4 Kf5 48. Re1 Ra8 49. g4+ Kf6 50. Rf1+ Kg6 51. Re1 Nd4 52. Re5 Rxa5 53. Kd3 Kf6 54. Rh5 Kg6 55. Ke4 Ne6 56. Rd5 Ng5+ 57. Kf4 Ne6+ 58. Ke5 Nd4 59. Kf4 Ra4 60. Rd6+ Kg7 61. Rd7+ Kf6 62. Rd6+ Ne6+ 63. Ke4 Rxc4+ 64. Ke3 Rxg4 {[%emt 0:00:01] Ataberkturkmen48 terk eder (Lag: Av=0.52s, max=1.2s)} 0-1

[Event "Is Bankasi Online Satranc Turn 17-18 YAS"]
[Site "T#646243Mustafa Kemal"]
[Date "2020.05.22"]
[Round "7"]
[White "Umuterdemgundu70"]
[Black "Hakansimsek70"]
[Result "1-0"]
[WhiteElo "1859"]
[BlackElo "1790"]
[Annotator "NA RC"]
[PlyCount "89"]
[EventDate "2020.05.22"]
[EventType "swiss (blitz)"]
[TimeControl "180+2"]

1. e4 e5 2. Nf3 Nc6 3. Bb5 Nf6 4. O-O Nxe4 5. Re1 Nd6 6. Nxe5 Nxe5 7. Rxe5+ Be7 8. Bd3 O-O 9. Nc3 Bf6 10. Re3 Re8 11. Nd5 c6 12. Nxf6+ Qxf6 13. Rb1 Rxe3 14. fxe3 Nf5 15. b3 d5 16. Bb2 Qg5 17. Qf3 Nh4 18. Qf2 Bh3 19. g3 Re8 20. Re1 Ng6 21. e4 dxe4 22. Rxe4 Rxe4 23. Bxe4 h5 24. Qd4 Nf4 25. Qd6 Ne6 {[%emt 0:00:17] '} 26. Qe5 Qxe5 27. Bxe5 f6 28. Bc3 Nc5 29. Bf3 Bg4 30. Bxg4 hxg4 31. Bd4 Ne4 32. d3 Nd6 33. Bxa7 Nb5 34. Be3 Kf7 35. a4 Nc3 36. Kf2 Ke6 37. Bd4 f5 38. Bxc3 Kd5 39. Bxg7 b5 40. a5 b4 41. a6 f4 42. a7 fxg3+ 43. hxg3 c5 44. a8=Q+ Kd6 45. Qd8+ {[%emt 0:00:02] Hakansimsek70 terk eder (Lag: Av=0.31s, max=0.8s)} 1-0

[Event "Is Bankasi Online Satranc Turn 17-18 YAS"]
[Site "T#646243Mustafa Kemal"]
[Date "2020.05.22"]
[Round "7"]
[White "Dogukangureke78"]
[Black "Alparslanisik80"]
[Result "0-1"]
[WhiteElo "1823"]
[BlackElo "1887"]
[Annotator "NA RC"]
[PlyCount "142"]
[EventDate "2020.05.22"]
[EventType "swiss (blitz)"]
[TimeControl "180+2"]

1. d4 Nf6 2. c4 g6 3. g3 c6 4. Nf3 d5 5. Bg2 dxc4 6. O-O Bg7 7. Ne5 O-O 8. Nxc4 Be6 9. Ne5 Nbd7 10. Nxd7 Qxd7 11. Nc3 Rfd8 12. e3 c5 13. dxc5 Qc7 14. Qa4 Nd7 15. Ne4 Nxc5 16. Nxc5 Qxc5 17. e4 b5 18. Qa5 Bd4 19. Bf4 Bxb2 20. Rab1 Bc3 21. Qxb5 Qxb5 22. Rxb5 Bc4 23. Rc5 Bxf1 24. Rxc3 Bxg2 25. Kxg2 Rac8 26. Ra3 Rd7 27. h4 f6 28. Be3 Rcc7 29. Bf4 Rb7 30. Be3 Kf8 31. Kf3 Kf7 32. Ra5 h5 33. a3 Rd3 34. Ke2 Rdd7 35. Kf3 Rd8 36. Ra6 Rd6 37. Ra5 a6 38. Bc5 Rc6 39. Be3 Rb5 40. Ra4 Rb3 41. Ra5 e5 42. Ke2 Ke6 43. Kf3 f5 44. exf5+ gxf5 45. Kg2 Rb5 46. Ra4 a5 47. Bd2 Rcc5 48. Bg5 Rc2 49. Be3 Rb3 50. Bg5 Rc5 51. Be3 Rd5 52. Bg5 Rbd3 53. Be3 Rb5 54. Bg5 Rc5 55. Be3 Rcd5 56. Bg5 R3d4 57. Rxd4 Rxd4 58. Bh6 Kf7 59. Be3 Rc4 60. Kf1 Rc3 61. Kg2 Rxa3 62. Bc5 Rb3 63. Bd6 Ke6 64. Bf8 a4 65. Kf1 a3 66. Kg2 a2 67. Bg7 a1=Q 68. Bxe5 Kxe5 69. g4 fxg4 70. f4+ Kxf4 71. Kh2 Rb2# {[%emt 0:00:01] (Lag: Av=1.03s, max=2.1s)} 0-1

[Event "Is Bankasi Online Satranc Turn 17-18 YAS"]
[Site "T#646243Mustafa Kemal"]
[Date "2020.05.22"]
[Round "7"]
[White "Kayrakamer68"]
[Black "Omeramirakdag30"]
[Result "0-1"]
[WhiteElo "1794"]
[BlackElo "1815"]
[Annotator "NA RC"]
[PlyCount "106"]
[EventDate "2020.05.22"]
[EventType "swiss (blitz)"]
[TimeControl "180+2"]

1. Nc3 d5 2. e4 d4 3. Nb1 c5 4. d3 Nc6 5. g3 e5 6. Bg2 Be6 7. Ne2 Qd7 8. O-O h5 9. f4 Bg4 10. Qe1 O-O-O 11. a3 Bh3 12. f5 Bxg2 13. Kxg2 Nf6 14. h3 Be7 15. Bd2 g6 16. b4 gxf5 17. Rxf5 c4 18. b5 Nb8 19. Bg5 Qe6 20. Nd2 c3 21. Nc4 Nbd7 22. Qf2 Rdg8 23. a4 Nxe4 24. dxe4 Bxg5 25. Na5 Be3 26. Qf3 f6 27. Nb3 Rg5 28. Rxg5 fxg5 29. Rf1 Rf8 30. Qxf8+ Nxf8 31. Rxf8+ Kc7 32. Rf3 g4 {[%emt 0:00:12] '} 33. hxg4 hxg4 34. Rf5 d3 35. Nxc3 d2 36. Nxd2 Bxd2 37. Nd5+ Kd7 38. Rf6 Qe8 39. Rf5 Qh8 40. Nf6+ Ke6 41. Nxg4 Bc3 42. Rg5 Qd8 43. Rg6+ Kf7 44. Rh6 Qd2+ 45. Kh3 Kg7 46. Re6 Qxc2 47. Re7+ Kf8 48. Rd7 Qxe4 49. Kh4 Qxa4 50. Kg5 Qxb5 51. Nf6 e4+ 52. Rd5 Bxf6+ 53. Kxf6 Qxd5 {[%emt 0:00:01] Kayrakamer68 resigns (Lag: Av=0.55s, max=1.0s)} 0-1

[Event "Is Bankasi Online Satranc Turn 17-18 YAS"]
[Site "T#646243Mustafa Kemal"]
[Date "2020.05.22"]
[Round "7"]
[White "Emrekocakaplan04"]
[Black "Canberkgiray40"]
[Result "1/2-1/2"]
[WhiteElo "1776"]
[BlackElo "1776"]
[Annotator "NA RC"]
[PlyCount "129"]
[EventDate "2020.05.22"]
[EventType "swiss (blitz)"]
[TimeControl "180+2"]

1. d4 Nf6 2. c4 g6 3. Nf3 Bg7 4. g3 O-O 5. Bg2 d6 6. O-O c6 7. b3 Qc7 8. Bb2 Nbd7 9. Nbd2 e5 10. Qc2 Re8 11. e3 Nf8 12. Rad1 Bf5 13. e4 Bg4 14. dxe5 dxe5 15. h3 Bxf3 16. Nxf3 N6d7 17. Rd2 Rad8 18. Rfd1 Nc5 19. Rxd8 Rxd8 20. Rxd8 Qxd8 21. Bxe5 Bxe5 22. Nxe5 Qd4 23. Ng4 h5 24. Ne3 Nfd7 25. Qd1 Qxd1+ 26. Nxd1 Ne5 27. Kf1 Ncd3 28. Ke2 Nc1+ 29. Kd2 Nxa2 30. f4 Nd7 31. Nc3 Nb4 32. e5 Kf8 33. Ne4 Ke7 34. Kc3 Na6 35. b4 Nc7 36. Nd6 c5 37. Nxb7 cxb4+ 38. Kxb4 f6 39. exf6+ Nxf6 40. Nc5 Nd7 41. Nxd7 Kxd7 42. Be4 Ne6 43. Bxg6 h4 44. gxh4 Nxf4 45. h5 Ke6 46. Kb5 Nxh3 47. Ka6 Nf4 48. Kxa7 Nd3 49. Kb6 Ne5 50. c5 Nd7+ 51. Kc6 Nxc5 52. Kxc5 Kf6 53. Kd6 Kg7 54. Ke6 Kh8 55. Kf6 Kg8 56. Bb1 Kh8 {[%emt 0:00:01] Canberkgiray40 beraberlik teklif ediyor} 57. Kg5 Kg7 58. Bg6 Kh8 59. Bf7 Kg7 60. Bb3 Kh8 61. Kf6 Kh7 62. Bf7 Kh6 63. Ke7 Kg7 64. Bg6 Kh8 65. Kf8 {[%emt 0:00:00] (Lag: Av=0.41s, max=1.0s)} 1/2-1/2

[Event "Is Bankasi Online Satranc Turn 17-18 YAS"]
[Site "T#646243Mustafa Kemal"]
[Date "2020.05.22"]
[Round "7"]
[White "ahmetburakgurs66"]
[Black "Ibrahimisik76"]
[Result "1-0"]
[WhiteElo "1677"]
[BlackElo "1563"]
[Annotator "NA RC"]
[PlyCount "43"]
[EventDate "2020.05.22"]
[EventType "swiss (blitz)"]
[TimeControl "180+2"]

1. e4 e5 2. Nf3 Nc6 3. d4 exd4 4. Bc4 d6 5. O-O Be6 6. Bxe6 fxe6 7. Nxd4 Nxd4 8. Qxd4 e5 9. Qd1 Nf6 10. Bg5 Be7 11. Nc3 h6 12. Bxf6 Bxf6 13. Qh5+ Ke7 14. Nd5+ Kd7 15. c4 c6 16. Qf7+ Kc8 17. Nxf6 gxf6 18. Rad1 Qc7 19. Qe6+ Qd7 20. Qxf6 Kc7 21. c5 d5 22. Qxe5+ {[%emt 0:00:03] Ibrahimisik76 terk eder (Lag: Av=0.69s, max=0.8s)} 1-0

[Event "Is Bankasi Online Satranc Turn 17-18 YAS"]
[Site "T#646243Mustafa Kemal"]
[Date "2020.05.22"]
[Round "7"]
[White "merttosun42"]
[Black "Mustafaberkayb82"]
[Result "0-1"]
[WhiteElo "1657"]
[BlackElo "1661"]
[Annotator "NA RC"]
[PlyCount "66"]
[EventDate "2020.05.22"]
[EventType "swiss (blitz)"]
[TimeControl "180+2"]

1. e4 e5 2. Nf3 Nc6 3. Bc4 Nf6 4. d3 Bc5 5. O-O O-O 6. Nc3 d6 7. Bg5 Bg4 8. h3 Bxf3 9. Qxf3 Nd4 10. Qd1 c6 11. Na4 Bb6 12. Nxb6 axb6 13. f4 h6 14. fxe5 dxe5 15. Bxf6 gxf6 16. c3 Ne6 17. Bxe6 fxe6 18. Rf3 Kh7 19. Qb3 Qd6 20. Qxb6 f5 21. Qxb7+ Kh8 22. a3 Rab8 23. Qa6 Rxb2 24. Qc4 Rg8 25. Rf2 Rxf2 26. Kxf2 f4 27. a4 Qf8 28. Qxe6 Qg7 29. Qg4 Qa7+ 30. d4 Rxg4 31. hxg4 exd4 32. cxd4 Qxd4+ 33. Ke2 Qxa1 {[%emt 0:00:00] Zaman (Lag: Av=0.49s, max=0.7s)} 0-1

[Event "Is Bankasi Online Satranc Turn 17-18 YAS"]
[Site "T#646243Mustafa Kemal"]
[Date "2020.05.22"]
[Round "7"]
[White "Emrecankaratas76"]
[Black "Kutayozkurt40"]
[Result "0-1"]
[WhiteElo "1644"]
[BlackElo "1700"]
[Annotator "NA RC"]
[PlyCount "114"]
[EventDate "2020.05.22"]
[EventType "swiss (blitz)"]
[TimeControl "180+2"]

1. e4 c5 2. Nf3 Nc6 3. d4 cxd4 4. Nxd4 e6 5. Nc3 Nf6 6. Bg5 Bb4 7. Nxc6 bxc6 8. Qf3 Be7 9. e5 Nd5 10. Bxe7 Qxe7 11. Nxd5 cxd5 12. Bd3 O-O 13. O-O Rb8 14. b3 Qg5 15. Qe2 Bb7 16. f4 Qe7 17. Rae1 d6 18. f5 dxe5 19. Qxe5 Qc5+ 20. Kh1 exf5 21. Qxf5 g6 22. Qh3 Rbe8 23. Rd1 Re3 24. Qd7 Ba8 25. Rf4 Re7 26. Qh3 Rfe8 27. Rff1 d4 28. Bc4 Bd5 29. Bxd5 Qxd5 30. Qd3 Re2 31. Qf3 Qxf3 32. Rxf3 Rxc2 33. Rfd3 Ree2 34. Rxd4 Rxg2 35. h4 Rxa2 36. Rd8+ Kg7 37. R8d7 Rh2+ 38. Kg1 Rag2+ 39. Kf1 Rg3 40. b4 Rxh4 41. Kf2 Rb3 42. Rxa7 Rbxb4 43. Rdd7 Rhf4+ 44. Ke3 h5 45. Rd2 h4 46. Rh2 g5 47. Raa2 f5 48. Raf2 Rxf2 49. Rxf2 Kg6 50. Kf3 g4+ 51. Kg2 Kg5 52. Rc2 h3+ 53. Kh2 f4 54. Rc5+ Kh4 55. Rc3 g3+ 56. Kh1 Rb1+ 57. Rc1 Rxc1# {[%emt 0:00:01] (Lag: Av=0.53s, max=1.0s)} 0-1

[Event "Is Bankasi Online Satranc Turn 17-18 YAS"]
[Site "T#646243Mustafa Kemal"]
[Date "2020.05.22"]
[Round "7"]
[White "Ahmetemreoztur80"]
[Black "keremerdal34"]
[Result "0-1"]
[WhiteElo "1632"]
[BlackElo "1656"]
[Annotator "NA RC"]
[PlyCount "172"]
[EventDate "2020.05.22"]
[EventType "swiss (blitz)"]
[TimeControl "180+2"]

1. d4 d5 2. c4 c6 3. Nf3 Nf6 4. Nc3 a6 5. Bf4 Bf5 6. e3 e6 7. Bd3 Bxd3 8. Qxd3 Bd6 9. Bxd6 Qxd6 10. Ne5 Nbd7 11. f4 Qb4 12. O-O-O Nxe5 13. dxe5 dxc4 14. Qd4 Nd5 15. Nxd5 cxd5 16. f5 O-O 17. g4 Qa5 18. Kb1 Rac8 19. f6 c3 20. Rc1 cxb2 21. Qxb2 Qb5 22. fxg7 Qxb2+ 23. Kxb2 Kxg7 24. Rcf1 Rc6 25. h4 Rfc8 26. Rf2 Rc3 27. Rh3 d4 28. h5 dxe3 29. h6+ Kg8 30. Re2 Rd3 31. Rhxe3 Rxe3 32. Rxe3 Kf8 33. Rb3 Rb8 34. Kc3 Ke7 35. Kd4 b5 36. Ke4 Rg8 37. Kf4 f6 38. exf6+ Kxf6 39. Ra3 e5+ 40. Kf3 Ra8 41. Ke4 Kg5 42. Kxe5 Kxh6 43. Rh3+ Kg6 44. Rh5 Re8+ 45. Kd5 Re2 46. Kc6 Rxa2 47. Kb6 b4 48. Rc5 b3 49. Rc6+ Kg5 50. Rc5+ Kxg4 51. Rc4+ Kf3 52. Rc3+ Kg4 53. Rxb3 h5 54. Rb4+ Kh3 55. Rb3+ Kh2 56. Rb4 Kg3 57. Rb3+ Kf4 58. Rb4+ Kg5 59. Rc4 h4 60. Rc5+ Kg4 61. Rc4+ Kh3 62. Rc3+ Kh2 63. Rb3 h3 64. Kc5 Rg2 65. Kb6 Rg3 66. Rb2+ Rg2 67. Rb1 Ra2 68. Kc5 Kg2 69. Rb8 h2 70. Rg8+ Kf1 71. Rf8+ Rf2 72. Rh8 Kg1 73. Rg8+ Rg2 74. Rh8 h1=Q 75. Rxh1+ Kxh1 76. Kb6 Ra2 77. Kc5 Rb2 78. Kc4 a5 79. Kc3 Rb8 80. Kc4 a4 81. Kc3 a3 82. Kc4 a2 83. Kd5 a1=Q 84. Kc6 Qa6+ 85. Kc7 Rb7+ 86. Kd8 Qa8# {[%emt 0:00:01] (Lag: Av=0.44s, max=0.9s)} 0-1

[Event "Is Bankasi Online Satranc Turn 17-18 YAS"]
[Site "T#646243Mustafa Kemal"]
[Date "2020.05.22"]
[Round "7"]
[White "Huseyinazizcak12"]
[Black "emreerdal60"]
[Result "0-1"]
[WhiteElo "1632"]
[BlackElo "1601"]
[Annotator "NA RC"]
[PlyCount "74"]
[EventDate "2020.05.22"]
[EventType "swiss (blitz)"]
[TimeControl "180+2"]

1. e4 c6 2. Nf3 d5 3. e5 Bg4 4. d4 c5 5. h3 Bh5 6. g4 Bg6 7. Bb5+ Nc6 8. Bxc6+ bxc6 9. Nc3 e6 10. Be3 cxd4 11. Qxd4 c5 12. Qa4+ Qd7 13. Qxd7+ Kxd7 14. Bf4 d4 15. Ne4 Bxe4 16. Ke2 Bxf3+ 17. Kxf3 Rb8 18. b3 h6 19. Rhd1 g5 20. c3 gxf4 21. cxd4 cxd4 22. Rxd4+ Ke8 23. Rxf4 Ne7 24. Ra4 Nd5 25. Rxa7 Bc5 26. Ra5 Bd4 27. Rd1 Bxe5 28. Rc5 Ke7 29. Rdc1 Rhd8 30. Ke4 Bd6 31. Rc6 Nb6 32. Rd1 Rd7 33. f4 Bxf4 34. Rxd7+ Kxd7 35. Rc4 Nd5 36. Rd4 Ra8 37. a4 Rb8 {[%emt 0:00:01] Zaman (Lag: Av=0.74s, max=2.2s)} 0-1